 Dungeon Crawl Stone Soup version 0.23.2-1-ga50397a (webtiles) character file.

Game seed: 16918164203766568389

275 Iscandelvey the Chucker (level 6, -12/44 HPs)
             Began as a Demonspawn Arcane Marksman on Apr 20, 2019.
             Was an Initiate of Kikubaaqudgha.
             Mangled by an ogre
             ... wielding a +0 giant club
              (29 damage)
             ... on level 4 of the Dungeon.
             The game lasted 00:26:13 (5323 turns).

Iscandelvey the Chucker (DsAM)                      Turns: 5323, Time: 00:26:14

Health: -12/44     AC:  5    Str: 10    XL:     6   Next: 3%
Magic:  4/10       EV: 13    Int: 17    God:    Kikubaaqudgha [......]
Gold:   214        SH:  0    Dex: 13    Spells: 8/11 levels left

rFire    . . .     SeeInvis .   B - +0 dagger (venom)
rCold    . . .     Gourm    .   (no shield)
rNeg     . . .     Faith    .   C - +1 animal skin
rPois    .         Spirit   .   (helmet restricted)
rElec    .         Reflect  .   (no cloak)
rCorr    .         Harm     .   t - +0 pair of gloves
MR       .....                  (no boots)
Stlth    +.........             (no amulet)
HPRegen  0.14/turn              (no ring)
MPRegen  0.12/turn              (no ring)

@: no status effects
A: antennae 1, rugged brown scales 1, powered by death 1
a: Renounce Religion


You were on level 4 of the Dungeon.
You worshipped Kikubaaqudgha.
Kikubaaqudgha was noncommittal.
You were not hungry.

You visited 1 branch of the dungeon, and saw 4 of its levels.

You collected 214 gold pieces.

Inventory:

Hand Weapons
 e - a +0 dagger
 k - a +0 short sword
 y - a +0 hand axe
 z - a +0 war axe
 B - a +0 dagger of venom (weapon)
 E - a +0 hunting sling
Missiles
 a - 58 stones
 d - 2 throwing nets
 D - 3 javelins (quivered)
 F - 39 sling bullets
Armour
 i - a +0 robe of fire resistance
 t - a +0 pair of gloves (worn)
 w - a +0 pair of boots
 C - a +1 animal skin (worn)
Jewellery
 m - an uncursed ring of magical power {unknown}
Scrolls
 g - a scroll of fear {unknown}
 h - 2 scrolls of remove curse {unknown}
 n - 4 scrolls of identify {unknown}
 q - 2 scrolls of blinking {unknown}
 r - 2 scrolls of teleportation {unknown}
 u - 2 scrolls of fog {unknown}
 v - a scroll of amnesia {unknown}
Potions
 b - 2 potions of might {unknown}
 c - a potion of lignification {unknown}
 j - a potion of berserk rage {unknown}
 l - a potion of heal wounds {unknown}
 p - 2 potions of resistance {unknown}
 s - a potion of degeneration {unknown}
 x - a potion of flight {unknown}
 A - a potion of brilliance {unknown}
Comestibles
 f - 6 rations


   Skills:
 - Level 1.0 Fighting
 * Level 3.8 Throwing
 + Level 2.9 Dodging
 * Level 3.2 Spellcasting
 - Level 3.4 Hexes


You had 8 spell levels left.
You knew the following spells:

 Your Spells              Type           Power        Failure   Level  Hunger
a - Corona                Hex            ##.....      4%          1    None
b - Slow                  Hex            ##......     6%          2    ##.....

Your spell library contained the following spells:

 Spells                   Type           Power        Failure   Level  Hunger
 Inner Flame              Hex/Fire       #.......     26%         3    ###....
 Portal Projectile        Hex/Tloc       #.....       26%         3    ###....
 Cause Fear               Hex            ##........   38%         4    ####...
 Leda's Liquefaction      Hex/Erth       #.........   63%         4    ####...


Dungeon Overview and Level Annotations

Branches:
Dungeon (4/15)
 Temple: D:4-7

Altars:
Elyvilon
Fedhas
Gozag
Hepliaklqana
Kikubaaqudgha
Nemelex Xobeh
Ru
Sif Muna
Uskayaw
Vehumet
Yredelemnul
The Shining One

Annotations:
D:4 1 runed translucent door, Dowan, Duvessa, Purgy


Innate Abilities, Weirdness & Mutations

You have a pair of small antennae on your head.
You are partially covered in rugged brown scales. (AC +1, +3% HP)
You regenerate a little health from kills.


Message History

The ogre resists with significant effort.
The ogre closely misses you.
Casting: Slow (safe; 6% risk of failure)
Confirm with . or Enter, or press ? or * to list all spells.
Aiming: Slow (safe; 6% risk of failure)
Press: ? - help, Shift-Dir - straight line, f/p - ogre
Aim: an ogre, wielding a +0 giant club (chance to defeat MR: 50%)
The ogre resists with significant effort.
The ogre hits you with a +0 giant club!!
Ouch! That really hurt!
Casting: Slow (safe; 6% risk of failure)
Confirm with . or Enter, or press ? or * to list all spells.
Aiming: Slow (safe; 6% risk of failure)
Press: ? - help, Shift-Dir - straight line, f/p - ogre
Aim: an ogre, wielding a +0 giant club (chance to defeat MR: 50%)
The ogre resists with significant effort.
The ogre hits you with a +0 giant club!!
Ouch! That really hurt!
You die...
Kikubaaqudgha rasps: "You have failed me!
Welcome... death!"

........####.#
.#..(##......#
..# #.######
#.# #(#
###.###
#.....#
#.....#
#...O@#
#.....#
#.....#
#######


You could see an ogre.

Vanquished Creatures
  Jessica (D:3)
  Natasha (thrice) (D:3)
  Robin (D:3)
  3 gnolls (D:3)
  4 adders
  An ooze (D:3)
  2 dart slugs (D:2)
  2 leopard geckos
  6 orcs
  3 giant cockroaches (D:3)
  15 goblins
  8 hobgoblins
  6 jackals (D:1)
  11 kobolds
  A quokka (D:2)
  4 ball pythons
  7 bats
  4 frilled lizards
  7 rats
89 creatures vanquished.

Notes
Turn   | Place    | Note
-------+----------+-------------------------------------------
     0 | D:1      | Iscandelvey the Demonspawn Arcane Marksman began the quest
                  | for the Orb.
     0 | D:1      | Reached XP level 1. HP: 15/15 MP: 2/2
   593 | D:1      | Gained mutation: You regenerate a little health from kills.
                  | [demonic ancestry]
   593 | D:1      | Reached XP level 2. HP: 8/21 MP: 3/3
  1431 | D:1      | Learned a level 2 spell: Slow
  1663 | D:1      | Gained mutation: You are partially covered in rugged brown
                  | scales. (AC +1, +3% HP) [demonic ancestry]
  1663 | D:1      | Reached XP level 3. HP: 21/26 MP: 5/5
  2714 | D:2      | Gained mutation: You have a pair of small antennae on your
                  | head. [demonic ancestry]
  2714 | D:2      | Reached XP level 4. HP: 28/32 MP: 0/7
  2985 | D:3      | Noticed Jessica
  2990 | D:3      | Killed Jessica
  3427 | D:3      | Reached XP level 5. HP: 33/38 MP: 1/8
  4018 | D:3      | Noticed Natasha
  4143 | D:3      | Found a deep blue altar of Sif Muna.
  4143 | D:3      | Found a sparkling altar of Nemelex Xobeh.
  4145 | D:3      | Found a hide-covered altar of Uskayaw.
  4149 | D:3      | Found a sacrificial altar of Ru.
  4149 | D:3      | Found a hazy altar of Hepliaklqana.
  4149 | D:3      | Found an ancient bone altar of Kikubaaqudgha.
  4150 | D:3      | Found a glowing golden altar of the Shining One.
  4151 | D:3      | Found an opulent altar of Gozag.
  4152 | D:3      | Found a radiant altar of Vehumet.
  4154 | D:3      | Found a blossoming altar of Fedhas.
  4158 | D:3      | Became a worshipper of Kikubaaqudgha
  4251 | D:3      | Killed Natasha
  4389 | D:3      | Noticed Natasha
  4398 | D:3      | Killed Natasha
  4403 | D:3      | Found a basalt altar of Yredelemnul.
  4462 | D:3      | Found a white marble altar of Elyvilon.
  4645 | D:3      | Noticed Robin
  4669 | D:3      | Killed Robin
  5000 | D:4      | Noticed an ogre
  5072 | D:3      | Noticed Natasha
  5081 | D:3      | Killed Natasha
  5119 | D:4      | Noticed Duvessa
  5119 | D:4      | Noticed Dowan
  5182 | D:4      | Found a large runed translucent door.
  5192 | D:4      | Noticed Purgy
  5193 | D:4      | Reached XP level 6. HP: 44/44 MP: 10/10
  5323 | D:4      | Mangled by an ogre

Skill      XL: |  1  2  3  4  5 |
---------------+----------------+-----
Throwing       | 2 3 |  3.8
Dodging        | 2 |  2.9
Spellcasting   | 2 3 |  3.2
Fighting       | |  1.0
Hexes          | |  3.4

Action                   |  1- 3 |  4- 6 || total
-------------------------+-------+-------++-------
Melee: Dagger            |   132 |   140 ||   272
       Unarmed           |    15 |       ||    15
       Hand axe          |       |    37 ||    37
 Fire: Hunting sling     |       |    25 ||    25
Throw: Javelin           |    28 |    21 ||    49
       Stone             |     4 |     1 ||     5
 Cast: Corona            |    14 |    24 ||    38
       Slow              |    14 |    31 ||    45
 Stab: Sleeping          |       |     1 ||     1
  Eat: Chunk             |     7 |    11 ||    18
Armor: Robe              |    24 |    46 ||    70
       Animal skin       |       |     3 ||     3
Dodge: Dodged            |    98 |   137 ||   235
